Blues vs RedWings

Created - September 23, 2015 at 18:08

Simulating a Pre-Season

Goals
1 2 3 OT1 SO T
Blues 2 1 0 0 1 4
RedWings 0 3 0 0 0 3
Shots
1 2 3 OT1 SO T
Blues 10 10 17 2 4 39
RedWings 11 21 4 1 4 37

1st period

1. Blues , Michael Raffl 1 (Rick Nash, Tim Erixon) at 15:16
2. Blues , Marian Hossa 1 (Jussi Jokinen, Kris Letang) at 19:50

Penalties :
Matt Carle (STL) for Cross-checking (Minor) at 1:11, Zach Trotman (DET) for Slashing (Minor) at 3:33, Carl Gunnarsson (STL) for Hooking (Minor) at 5:59, Jake Gardiner (DET) for Hooking (Minor) at 12:42, Tim Erixon (STL) for Holding (Minor) at 19:57

2nd period

3. RedWings , Tyler Toffoli 1 (Paul Martin) at 0:21 (PP)
4. RedWings , Sean Monahan 1 (Andrew Campbell, Tyler Toffoli) at 8:47 (PP)
5. Blues , Mike Fisher 1 (Matt Carle, Kris Letang) at 13:18 (PP)
6. RedWings , Loui Eriksson 1 (Sam Gagner) at 14:06

Penalties :
Carl Gunnarsson (STL) for Hooking (Minor) at 0:51, Kris Letang (STL) for Hooking (Minor) at 8:11, Johnny Boychuk (STL) for Slashing (Minor) at 9:07, Filip Forsberg (DET) for Close Hand On Puck (Minor) at 12:28, Paul Martin (DET) for Fighting (Major) at 18:33, Kris Letang (STL) for Fighting (Major) at 18:33

3rd period

No Goal

Penalties :
Zach Trotman (DET) for Hooking (Minor) at 5:24, Roberto Luongo (DET) for Delaying the game (Minor) at 10:29 - Sean Monahan served the penalty., Andrew Cogliano (DET) for Hooking (Minor) at 16:26

Overtime #1

No Goal

Penalties :
Jake Gardiner (DET) for Hooking (Minor) at 1:33, Tyler Toffoli (DET) for Hooking (Minor) at 4:11

Shootout

Penalty Shot by Jiri Hudler for Blues - Stopped by Roberto Luongo
Penalty Shot by Sean Monahan for RedWings - Stopped by Antti Niemi
Penalty Shot by Clarke MacArthur for Blues - Stopped by Roberto Luongo
Penalty Shot by Filip Forsberg for RedWings - Stopped by Antti Niemi
Penalty Shot by Jussi Jokinen for Blues - Stopped by Roberto Luongo
Penalty Shot by Alexandre Burrows for RedWings - Stopped by Antti Niemi
Penalty Shot by Mike Fisher for Blues - Goal!
Penalty Shot by Loui Eriksson for RedWings - Stopped by Antti Niemi

Penalties :
No Penalty

Goalie Stats

Antti Niemi (STL), 34 saves from 37 shots - (0.919), W, 2-0-0, 65:00 minutes
Roberto Luongo (DET), 36 saves from 39 shots - (0.923), OTL, 0-1-1, 65:00 minutes

Players Stats for Blues

Player Name              G  A  P  +/- PIM S  H  SB GA TA FO     MP     PP MP  PK MP  
------------------------------------------------------------------------------------
Cal Clutterbuck          0  0  0   0  0   0  0  0  0  0  0/0     3:33   0:00   0:00 
Carl Gunnarsson          0  0  0   1  4   0  0  1  0  0  0/0     5:38   0:00   0:00 
Clarke MacArthur         0  0  0   0  0   3  0  0  0  0  0/1    27:08   5:03   3:51 
Jakub Kindl              0  0  0  -1  0   2  1  1  0  0  0/0    18:10   4:05   1:28 
Jay McClement            0  0  0   0  0   1  1  0  0  0  8/23   20:34   5:42   3:51 
Jiri Hudler              0  0  0   0  0   7  0  0  0  0  5/8    25:55   5:34   5:05 
Johnny Boychuk           0  0  0   1  2   1  3  0  0  0  0/0    23:11   0:00   3:02 
Jussi Jokinen            0  1  1   1  0   3  1  0  0  0  15/34  23:33   4:57   0:00 
Kris Letang              0  2  2   1  7   0  4  0  0  0  0/0    26:40   6:40   5:05 
Lee Stempniak            0  0  0   1  0   4  1  0  0  0  0/2    17:46   5:11   0:00 
Marian Hossa             1  0  1   1  0   4  1  1  0  0  0/0    12:35   0:00   0:00 
Matt Carle               0  1  1  -1  2   2  0  1  0  0  0/0    26:20   6:09   3:42 
Matt Irwin               0  0  0   0  0   2  1  0  0  0  0/0    14:44   4:05   4:32 
Michael Raffl            1  0  1   0  0   2  2  0  0  0  0/0    12:26   0:00   0:00 
Mike Fisher              1  0  1   0  0   3  4  0  0  0  19/38  25:06   5:48   5:05 
Rick Nash                0  1  1   0  0   5  0  0  0  0  1/1    12:26   0:00   0:00 
Tanner Glass             0  0  0   0  0   0  0  0  0  0  0/0     0:00   0:00   0:00 
Tim Erixon               0  1  1   1  2   0  1  0  0  0  0/0    15:12   0:31   0:03 

Players Stats for RedWings

Player Name              G  A  P  +/- PIM S  H  SB GA TA FO     MP     PP MP  PK MP  
------------------------------------------------------------------------------------
Alexandre Burrows        0  0  0   0  0   0  4  0  0  0  0/0    18:15   3:59   0:00 
Andrew Campbell          0  1  1  -1  0   0  0  3  0  0  0/0    25:35   4:22   6:50 
Andrew Cogliano          0  0  0  -1  2   2  0  0  0  0  8/15   10:38   0:00   0:00 
David Pastrnak           0  0  0  -1  0   6  1  0  0  0  2/4    13:25   0:00   2:46 
Eric Gryba               0  0  0  -1  0   1  3  1  0  0  0/0    25:40   4:22   6:55 
Filip Forsberg           0  0  0   0  2   2  4  0  0  0  0/1    25:47   4:57   7:15 
Jake Gardiner            0  0  0   0  4   1  1  1  0  0  0/0    27:15   4:34   4:25 
Jonathan Drouin          0  0  0  -1  0   1  1  0  0  0  0/0    10:39   0:00   0:00 
Kevin Connauton          0  0  0   0  0   0  1  2  0  0  0/0    13:10   0:00   0:07 
Loui Eriksson            1  0  1   0  0   2  0  0  0  0  0/1    21:20   3:59   2:58 
Mikhail Grabovski        0  0  0   0  0   0  0  0  0  0  3/5     3:54   0:00   0:00 
Paul Martin              0  1  1   0  5   1  0  1  0  0  0/0    26:33   4:34   6:54 
Sam Gagner               0  1  1   0  0   7  0  0  0  0  16/28  18:15   3:59   0:00 
Sean Bergenheim          0  0  0   0  0   0  0  0  0  0  0/0     3:54   0:00   0:00 
Sean Monahan             1  0  1   0  0   10 0  1  0  0  27/45  29:55   4:57   7:28 
Tyler Toffoli            1  1  2   0  2   4  1  0  0  0  3/8    19:31   4:57   2:58 
Vincent Lecavalier       0  0  0   0  0   0  0  0  0  0  0/0     0:52   0:00   0:52 
Zach Trotman             0  0  0   0  4   0  4  3  0  0  0/0    11:42   0:00   1:53 

3 Stars

1 - Mike Fisher (STL)
2 - Marian Hossa (STL)
3 - Michael Raffl (STL)

Power Play

Blues - 1 on 8 Attempt(s) - 12.50%
RedWings - 2 on 6 Attempt(s) - 33.33%

Penalty Kill

Blues - 4 on 6 Attempt(s) - 66.67% - Score 0 goal in Penalty Kill
RedWings - 7 on 8 Attempt(s) - 87.50% - Score 0 goal in Penalty Kill

Team Stat

Blues - Hits : 20 - Faceoff Wins : 48 - Blocked Shots : 4 - Penalty Minutes : 17
RedWings - Hits : 20 - Faceoff Wins : 59 - Blocked Shots : 12 - Penalty Minutes : 19

Official

Referees : Marc Joannette and Kelly Sutherland
Linesman : Trent Knorr and Jay Sharrers

Game Notes

Carl Gunnarsson is injured at 7:30 of 2nd period (Torso)
Paul Martin and Kris Letang fight to a draw at 18:33 of 2nd period

% Time on Ice - Blues

Lines # - Real PCT - Wanted PCT - Time Play
Normal Forward
1 - 29% - 31% - 11:45
2 - 31% - 28% - 12:35
3 - 31% - 25% - 12:26
4 - 9% - 16% - 3:33
Normal Defense
1 - 29% - 35% - 11:53
2 - 28% - 33% - 11:10
3 - 34% - 32% - 13:41
4 - 9% - 0% - 3:35
PP Forward
1 - 47% - 60% - 5:03
2 - 53% - 40% - 5:42
PP Defense
1 - 62% - 62% - 6:40
2 - 38% - 38% - 4:05
PK Forward
1 - 57% - 50% - 5:05
2 - 43% - 50% - 3:51
PK Defense
1 - 49% - 51% - 4:24
2 - 51% - 49% - 4:32
PK3 Forward
1 - 0% - 51%
2 - 0% - 49%
PK3 Defense
1 - 0% - 51%
2 - 0% - 49%
44 Forward
1 - 51% - 51% - 2:32
2 - 49% - 49% - 2:28
44 Defense
1 - 51% - 51% - 2:32
2 - 49% - 49% - 2:28
Last Minute Offensive  - 0:00
Last Minute Defensive  - 0:00
Total
Forward - 65:00
Defense - 65:00

% Time on Ice - RedWings

Lines # - Real PCT - Wanted PCT - Time Play
Normal Forward
1 - 29% - 40% - 11:30
2 - 35% - 30% - 14:16
3 - 26% - 20% - 10:39
4 - 10% - 10% - 3:54
Normal Defense
1 - 41% - 40% - 16:22
2 - 34% - 30% - 13:34
3 - 24% - 20% - 9:43
4 - 2% - 10% - 0:40
PP Forward
1 - 55% - 60% - 4:57
2 - 45% - 40% - 3:59
PP Defense
1 - 51% - 60% - 4:34
2 - 49% - 40% - 4:22
PK Forward
1 - 72% - 60% - 7:47
2 - 28% - 40% - 2:58
PK Defense
1 - 49% - 60% - 5:16
2 - 51% - 40% - 5:29
PK3 Forward
1 - 89% - 60% - 2:29
2 - 11% - 40% - 0:18
PK3 Defense
1 - 72% - 60% - 2:01
2 - 28% - 40% - 0:46
44 Forward
1 - 95% - 60% - 2:06
2 - 5% - 40% - 0:07
44 Defense
1 - 63% - 60% - 1:24
2 - 37% - 40% - 0:49
Last Minute Offensive  - 0:00
Last Minute Defensive  - 0:00
Total
Forward - 65:00
Defense - 65:00

Play by Play

1st period


0:01 of 1st period - Sean Monahan wins face-off versus Mike Fisher in neutral zone.
0:01 of 1st period - Filip Forsberg is hit by Mike Fisher and loses puck.
0:19 of 1st period - Icing by Sean Monahan.
0:20 of 1st period - Jussi Jokinen wins face-off versus Sean Monahan in RedWings zone.
0:27 of 1st period - Sean Monahan is hit by Lee Stempniak and loses puck.
0:34 of 1st period - Shot by Tyler Toffoli.
0:34 of 1st period - Shot Misses the Net.
0:36 of 1st period - Shot by Tyler Toffoli.
0:36 of 1st period - Shot Misses the Net.
0:42 of 1st period - Shot by Tyler Toffoli.
0:42 of 1st period - Shot Misses the Net.
0:44 of 1st period - Shot by Sean Monahan.
0:44 of 1st period - Shot Misses the Net.
0:46 of 1st period - Shot by Filip Forsberg.
0:46 of 1st period - Shot Misses the Net.
0:51 of 1st period - Sean Monahan is hit by Jakub Kindl and loses puck.
1:03 of 1st period - Marian Hossa is hit by Eric Gryba and loses puck.
1:11 of 1st period - Minor Penalty to Matt Carle for Cross-checking.
1:12 of 1st period - Mike Fisher wins face-off versus Sam Gagner in Blues zone.
2:08 of 1st period - Icing by Sean Monahan.
2:09 of 1st period - Mike Fisher wins face-off versus Sean Monahan in RedWings zone.
2:22 of 1st period - Shot by Sean Monahan.
2:22 of 1st period - Stopped by Antti Niemi without a rebound.
2:23 of 1st period - Jay McClement wins face-off versus Sam Gagner in Blues zone.
2:32 of 1st period - Kris Letang is hit by Alexandre Burrows and loses puck.
2:49 of 1st period - Shot by Loui Eriksson.
2:49 of 1st period - Shot Misses the Net.
2:51 of 1st period - Shot by Paul Martin.
2:51 of 1st period - Stopped by Antti Niemi without a rebound.
2:52 of 1st period - Mike Fisher wins face-off versus Sean Monahan in Blues zone.
3:13 of 1st period - Jiri Hudler is hit by Zach Trotman.
3:33 of 1st period - Minor Penalty to Zach Trotman for Slashing.
3:34 of 1st period - Sean Monahan wins face-off versus Jussi Jokinen in RedWings zone.
3:45 of 1st period - Shot by Clarke MacArthur.
3:45 of 1st period - Stopped by Roberto Luongo with a rebound.
4:19 of 1st period - Shot by Kris Letang.
4:19 of 1st period - Shot Misses the Net.
4:30 of 1st period - Icing by Lee Stempniak.
4:31 of 1st period - Tyler Toffoli wins face-off versus Mike Fisher in Blues zone.
4:48 of 1st period - Shot by Matt Irwin.
4:48 of 1st period - Shot Misses the Net.
4:50 of 1st period - Shot by Lee Stempniak.
4:50 of 1st period - Stopped by Roberto Luongo without a rebound.
4:51 of 1st period - Mike Fisher wins face-off versus Sean Monahan in RedWings zone.
5:00 of 1st period - Shot by Matt Irwin.
5:00 of 1st period - Shot Blocked by Andrew Campbell.
5:02 of 1st period - Shot by Mike Fisher.
5:02 of 1st period - Shot Misses the Net.
5:04 of 1st period - Shot by Lee Stempniak.
5:04 of 1st period - Stopped by Roberto Luongo without a rebound.
5:05 of 1st period - Sean Monahan wins face-off versus Jussi Jokinen in RedWings zone.
5:30 of 1st period - Icing by Matt Carle.
5:31 of 1st period - Jiri Hudler wins face-off versus Sean Monahan in Blues zone.
5:31 of 1st period - Jiri Hudler is hit by Filip Forsberg.
5:47 of 1st period - Icing by Tim Erixon.
5:48 of 1st period - Sean Monahan wins face-off versus Jay McClement in Blues zone.
5:49 of 1st period - Shot by Filip Forsberg.
5:49 of 1st period - Shot Misses the Net.
5:51 of 1st period - Shot by Sean Monahan.
5:51 of 1st period - Shot Misses the Net.
5:53 of 1st period - Shot by Filip Forsberg.
5:53 of 1st period - Shot Misses the Net.
5:57 of 1st period - Shot by Sean Monahan.
5:57 of 1st period - Shot Misses the Net.
5:59 of 1st period - Shot by Sean Monahan.
5:59 of 1st period - Stopped by Antti Niemi without a rebound.
5:59 of 1st period - Minor Penalty to Carl Gunnarsson for Hooking.
6:00 of 1st period - Jay McClement wins face-off versus Sam Gagner in Blues zone.
6:13 of 1st period - Shot by Sam Gagner.
6:13 of 1st period - Shot Misses the Net.
7:40 of 1st period - Filip Forsberg is hit by Matt Irwin and loses puck.
8:07 of 1st period - Shot by Andrew Cogliano.
8:07 of 1st period - Shot Misses the Net.
8:13 of 1st period - Shot by David Pastrnak.
8:13 of 1st period - Stopped by Antti Niemi without a rebound.
8:14 of 1st period - Andrew Cogliano wins face-off versus Jussi Jokinen in Blues zone.
8:29 of 1st period - Shot by David Pastrnak.
8:29 of 1st period - Stopped by Antti Niemi without a rebound.
8:30 of 1st period - Mike Fisher wins face-off versus Sam Gagner in Blues zone.
8:30 of 1st period - Mike Fisher is hit by Alexandre Burrows.
9:03 of 1st period - Clarke MacArthur is hit by Alexandre Burrows and loses puck.
9:58 of 1st period - Off-side.
9:59 of 1st period - Jussi Jokinen wins face-off versus Andrew Cogliano in neutral zone.
10:13 of 1st period - Marian Hossa is hit by Zach Trotman and loses puck.
11:35 of 1st period - Shot by Filip Forsberg.
11:35 of 1st period - Stopped by Antti Niemi without a rebound.
11:36 of 1st period - Sam Gagner wins face-off versus Mike Fisher in Blues zone.
11:58 of 1st period - Shot by Clarke MacArthur.
11:58 of 1st period - Shot Misses the Net.
12:12 of 1st period - Shot by Sam Gagner.
12:12 of 1st period - Stopped by Antti Niemi without a rebound.
12:13 of 1st period - Sean Monahan wins face-off versus Lee Stempniak in Blues zone.
12:15 of 1st period - Filip Forsberg is hit by Tim Erixon and loses puck.
12:30 of 1st period - Shot by Tyler Toffoli.
12:30 of 1st period - Stopped by Antti Niemi without a rebound.
12:31 of 1st period - Jay McClement wins face-off versus Mikhail Grabovski in Blues zone.
12:42 of 1st period - Minor Penalty to Jake Gardiner for Hooking.
12:43 of 1st period - Sean Monahan wins face-off versus Lee Stempniak in RedWings zone.
13:33 of 1st period - Icing by Kris Letang.
13:34 of 1st period - Tyler Toffoli wins face-off versus Mike Fisher in Blues zone.
13:35 of 1st period - Shot by Loui Eriksson.
13:35 of 1st period - Stopped by Antti Niemi without a rebound.
13:36 of 1st period - Sean Monahan wins face-off versus Jussi Jokinen in Blues zone.
13:49 of 1st period - Shot by Filip Forsberg.
13:49 of 1st period - Shot Misses the Net.
14:52 of 1st period - Shot by Rick Nash.
14:52 of 1st period - Shot Blocked by Andrew Campbell.
15:00 of 1st period - Shot by Rick Nash.
15:00 of 1st period - Shot Misses the Net.
15:02 of 1st period - Shot by Rick Nash.
15:02 of 1st period - Shot Misses the Net.
15:05 of 1st period - Rick Nash is hit by Eric Gryba and loses puck.
15:16 of 1st period - Shot by Rick Nash.
15:16 of 1st period - Deflect By Michael Raffl.
15:16 of 1st period - Goal by Michael Raffl - Blues : 1 - RedWings : 0.
15:17 of 1st period - Sam Gagner wins face-off versus Jussi Jokinen in neutral zone.
15:24 of 1st period - Off-side.
15:25 of 1st period - Sam Gagner wins face-off versus Jussi Jokinen in neutral zone.
15:33 of 1st period - Icing by Kris Letang.
15:34 of 1st period - Jussi Jokinen wins face-off versus Sean Monahan in Blues zone.
16:09 of 1st period - Shot by Marian Hossa.
16:09 of 1st period - Stopped by Roberto Luongo with a rebound.
16:11 of 1st period - Shot by Kris Letang.
16:11 of 1st period - Shot Misses the Net.
16:16 of 1st period - Icing by Paul Martin.
16:17 of 1st period - Mike Fisher wins face-off versus Sean Monahan in RedWings zone.
16:22 of 1st period - Shot by Clarke MacArthur.
16:22 of 1st period - Stopped by Roberto Luongo without a rebound.
16:23 of 1st period - Sam Gagner wins face-off versus Mike Fisher in RedWings zone.
16:23 of 1st period - Sam Gagner is hit by Mike Fisher.
16:56 of 1st period - Off-side.
16:57 of 1st period - Mikhail Grabovski wins face-off versus Jay McClement in neutral zone.
17:14 of 1st period - Shot by Sean Monahan.
17:14 of 1st period - Shot Misses the Net.
17:22 of 1st period - Shot by Johnny Boychuk.
17:22 of 1st period - Deflect By Rick Nash.
17:22 of 1st period - Stopped by Roberto Luongo with a rebound.
17:24 of 1st period - Shot by Johnny Boychuk.
17:24 of 1st period - Shot Misses the Net.
17:26 of 1st period - Shot by Rick Nash.
17:26 of 1st period - Shot Misses the Net.
17:43 of 1st period - Icing by Jay McClement.
17:44 of 1st period - Sam Gagner wins face-off versus Jay McClement in Blues zone.
17:44 of 1st period - Loui Eriksson is hit by Johnny Boychuk and loses puck.
18:39 of 1st period - Shot by Andrew Cogliano.
18:39 of 1st period - Stopped by Antti Niemi without a rebound.
18:40 of 1st period - Sean Monahan wins face-off versus Mike Fisher in Blues zone.
18:41 of 1st period - Shot by Tyler Toffoli.
18:41 of 1st period - Deflect By Sean Monahan.
18:41 of 1st period - Stopped by Antti Niemi with a rebound.
18:57 of 1st period - Shot by Mike Fisher.
18:57 of 1st period - Shot Misses the Net.
19:04 of 1st period - Shot by Jiri Hudler.
19:04 of 1st period - Shot Misses the Net.
19:06 of 1st period - Shot by Jiri Hudler.
19:06 of 1st period - Shot Blocked by Zach Trotman.
19:08 of 1st period - Shot by Mike Fisher.
19:08 of 1st period - Shot Blocked by Kevin Connauton.
19:10 of 1st period - Shot by Jiri Hudler.
19:10 of 1st period - Shot Blocked by Kevin Connauton.
19:18 of 1st period - Shot by Jiri Hudler.
19:18 of 1st period - Deflect By Mike Fisher.
19:18 of 1st period - Shot Misses the Net.
19:20 of 1st period - Shot by Jiri Hudler.
19:20 of 1st period - Stopped by Roberto Luongo without a rebound.
19:21 of 1st period - David Pastrnak wins face-off versus Jussi Jokinen in RedWings zone.
19:32 of 1st period - Shot by Marian Hossa.
19:32 of 1st period - Stopped by Roberto Luongo without a rebound.
19:33 of 1st period - Jussi Jokinen wins face-off versus Sam Gagner in RedWings zone.
19:50 of 1st period - Shot by Marian Hossa.
19:50 of 1st period - Goal by Marian Hossa - Blues : 2 - RedWings : 0.
19:51 of 1st period - Sean Monahan wins face-off versus Jay McClement in neutral zone.
19:57 of 1st period - Minor Penalty to Tim Erixon for Holding.
19:58 of 1st period - Sean Monahan wins face-off versus Jay McClement in Blues zone.
Goals for this period are 2 for Blues vs 0 for RedWings.
Shots for this period are 10 for Blues vs 11 for RedWings.

2nd period


0:01 of 2nd period - Sean Monahan wins face-off versus Jay McClement in neutral zone.
0:16 of 2nd period - Jiri Hudler is hit by Filip Forsberg and loses puck.
0:21 of 2nd period - Shot by Tyler Toffoli.
0:21 of 2nd period - Goal by Tyler Toffoli - Blues : 2 - RedWings : 1.
0:22 of 2nd period - Sam Gagner wins face-off versus Jussi Jokinen in neutral zone.
0:51 of 2nd period - Minor Penalty to Carl Gunnarsson for Hooking.
0:52 of 2nd period - Sean Monahan wins face-off versus Mike Fisher in Blues zone.
1:16 of 2nd period - Shot by Jake Gardiner.
1:16 of 2nd period - Stopped by Antti Niemi without a rebound.
1:17 of 2nd period - Sam Gagner wins face-off versus Jay McClement in Blues zone.
1:38 of 2nd period - Shot by Sam Gagner.
1:38 of 2nd period - Stopped by Antti Niemi without a rebound.
1:39 of 2nd period - Mike Fisher wins face-off versus Tyler Toffoli in Blues zone.
2:03 of 2nd period - Shot by Sean Monahan.
2:03 of 2nd period - Shot Misses the Net.
2:05 of 2nd period - Shot by Sean Monahan.
2:05 of 2nd period - Deflect By Filip Forsberg.
2:05 of 2nd period - Stopped by Antti Niemi with a rebound.
2:23 of 2nd period - Shot by Jake Gardiner.
2:23 of 2nd period - Shot Misses the Net.
2:45 of 2nd period - Shot by Sam Gagner.
2:45 of 2nd period - Stopped by Antti Niemi without a rebound.
2:46 of 2nd period - Sam Gagner wins face-off versus Jay McClement in Blues zone.
2:57 of 2nd period - Shot by David Pastrnak.
2:57 of 2nd period - Stopped by Antti Niemi without a rebound.
2:58 of 2nd period - Sam Gagner wins face-off versus Jussi Jokinen in Blues zone.
3:01 of 2nd period - Shot by Loui Eriksson.
3:01 of 2nd period - Deflect By Alexandre Burrows.
3:01 of 2nd period - Shot Misses the Net.
3:04 of 2nd period - Icing by Matt Carle.
3:05 of 2nd period - Sam Gagner wins face-off versus Jussi Jokinen in Blues zone.
4:10 of 2nd period - Shot by Rick Nash.
4:10 of 2nd period - Stopped by Roberto Luongo without a rebound.
4:11 of 2nd period - Sean Monahan wins face-off versus Mike Fisher in RedWings zone.
5:06 of 2nd period - Shot by Rick Nash.
5:06 of 2nd period - Stopped by Roberto Luongo without a rebound.
5:07 of 2nd period - Andrew Cogliano wins face-off versus Jussi Jokinen in RedWings zone.
5:22 of 2nd period - Shot by Jonathan Drouin.
5:22 of 2nd period - Stopped by Antti Niemi without a rebound.
5:23 of 2nd period - Jay McClement wins face-off versus Sam Gagner in Blues zone.
5:46 of 2nd period - Icing by Jake Gardiner.
5:47 of 2nd period - Jussi Jokinen wins face-off versus Sam Gagner in RedWings zone.
6:36 of 2nd period - Shot by Sean Monahan.
6:36 of 2nd period - Stopped by Antti Niemi without a rebound.
6:37 of 2nd period - Andrew Cogliano wins face-off versus Mike Fisher in Blues zone.
6:47 of 2nd period - Kris Letang is hit by Kevin Connauton and loses puck.
6:53 of 2nd period - Jiri Hudler is hit by Zach Trotman and loses puck.
6:58 of 2nd period - Shot by Jiri Hudler.
6:58 of 2nd period - Stopped by Roberto Luongo without a rebound.
6:59 of 2nd period - Jay McClement wins face-off versus Tyler Toffoli in RedWings zone.
7:08 of 2nd period - Shot by Rick Nash.
7:08 of 2nd period - Shot Misses the Net.
7:24 of 2nd period - Shot by Rick Nash.
7:24 of 2nd period - Shot Misses the Net.
7:30 of 2nd period - Shot by Tyler Toffoli.
7:30 of 2nd period - Deflect By Sean Monahan.
7:30 of 2nd period - Shot Blocked by Carl Gunnarsson.
7:30 of 2nd period - Carl Gunnarsson from Blues is injured at 7:30 of 2nd period (Torso).
7:31 of 2nd period - Sam Gagner wins face-off versus Mike Fisher in Blues zone.
7:34 of 2nd period - Shot by Loui Eriksson.
7:34 of 2nd period - Deflect By Sam Gagner.
7:34 of 2nd period - Stopped by Antti Niemi without a rebound.
7:35 of 2nd period - Sam Gagner wins face-off versus Mike Fisher in Blues zone.
8:11 of 2nd period - Minor Penalty to Kris Letang for Hooking.
8:12 of 2nd period - Sean Monahan wins face-off versus Jay McClement in Blues zone.
8:25 of 2nd period - Shot by Filip Forsberg.
8:25 of 2nd period - Deflect By Tyler Toffoli.
8:25 of 2nd period - Stopped by Antti Niemi without a rebound.
8:26 of 2nd period - Sean Monahan wins face-off versus Mike Fisher in Blues zone.
8:43 of 2nd period - Shot by Tyler Toffoli.
8:43 of 2nd period - Stopped by Antti Niemi with a rebound.
8:45 of 2nd period - Shot by Andrew Campbell.
8:45 of 2nd period - Shot Blocked by Matt Carle.
8:47 of 2nd period - Shot by Sean Monahan.
8:47 of 2nd period - Goal by Sean Monahan - Blues : 2 - RedWings : 2.
8:48 of 2nd period - Jussi Jokinen wins face-off versus Andrew Cogliano in neutral zone.
8:55 of 2nd period - Icing by Marian Hossa.
8:56 of 2nd period - Andrew Cogliano wins face-off versus Jussi Jokinen in Blues zone.
8:56 of 2nd period - Andrew Cogliano is hit by Johnny Boychuk.
9:07 of 2nd period - Minor Penalty to Johnny Boychuk for Slashing.
9:08 of 2nd period - Jay McClement wins face-off versus Sean Monahan in Blues zone.
9:08 of 2nd period - Jay McClement is hit by Filip Forsberg.
10:23 of 2nd period - Shot by Sam Gagner.
10:23 of 2nd period - Stopped by Antti Niemi without a rebound.
10:24 of 2nd period - Mike Fisher wins face-off versus Sam Gagner in Blues zone.
11:23 of 2nd period - Shot by David Pastrnak.
11:23 of 2nd period - Stopped by Antti Niemi without a rebound.
11:24 of 2nd period - Mikhail Grabovski wins face-off versus Jay McClement in Blues zone.
11:33 of 2nd period - Shot by Sean Monahan.
11:33 of 2nd period - Shot Misses the Net.
12:01 of 2nd period - Shot by Sean Monahan.
12:01 of 2nd period - Stopped by Antti Niemi without a rebound.
12:02 of 2nd period - Mike Fisher wins face-off versus Andrew Cogliano in Blues zone.
12:13 of 2nd period - Shot by Jiri Hudler.
12:13 of 2nd period - Stopped by Roberto Luongo without a rebound.
12:14 of 2nd period - Jussi Jokinen wins face-off versus Loui Eriksson in RedWings zone.
12:15 of 2nd period - Shot by Marian Hossa.
12:15 of 2nd period - Stopped by Roberto Luongo without a rebound.
12:16 of 2nd period - Mike Fisher wins face-off versus Sean Monahan in RedWings zone.
12:16 of 2nd period - Mike Fisher is hit by Eric Gryba.
12:21 of 2nd period - Icing by Eric Gryba.
12:22 of 2nd period - Sean Monahan wins face-off versus Mike Fisher in RedWings zone.
12:28 of 2nd period - Minor Penalty to Filip Forsberg for Close Hand On Puck.
12:29 of 2nd period - Sean Monahan wins face-off versus Jussi Jokinen in RedWings zone.
12:40 of 2nd period - Shot by Jiri Hudler.
12:40 of 2nd period - Stopped by Roberto Luongo without a rebound.
12:41 of 2nd period - Sean Monahan wins face-off versus Mike Fisher in RedWings zone.
12:46 of 2nd period - Shot by David Pastrnak.
12:46 of 2nd period - Shot Misses the Net.
12:57 of 2nd period - Kris Letang is hit by Jake Gardiner and loses puck.
13:02 of 2nd period - Shot by Jay McClement.
13:02 of 2nd period - Shot Misses the Net.
13:18 of 2nd period - Shot by Mike Fisher.
13:18 of 2nd period - Goal by Mike Fisher - Blues : 3 - RedWings : 2.
13:19 of 2nd period - Jussi Jokinen wins face-off versus Sam Gagner in neutral zone.
13:58 of 2nd period - Icing by Andrew Campbell.
13:59 of 2nd period - Sam Gagner wins face-off versus Jay McClement in RedWings zone.
14:06 of 2nd period - Shot by Loui Eriksson.
14:06 of 2nd period - Goal by Loui Eriksson - Blues : 3 - RedWings : 3.
14:07 of 2nd period - Sean Monahan wins face-off versus Jay McClement in neutral zone.
14:16 of 2nd period - Shot by Sean Monahan.
14:16 of 2nd period - Stopped by Antti Niemi without a rebound.
14:17 of 2nd period - Mike Fisher wins face-off versus Sean Monahan in Blues zone.
14:30 of 2nd period - Shot by Mike Fisher.
14:30 of 2nd period - Shot Blocked by Paul Martin.
14:38 of 2nd period - Shot by Mike Fisher.
14:38 of 2nd period - Stopped by Roberto Luongo with a rebound.
15:24 of 2nd period - Shot by Sam Gagner.
15:24 of 2nd period - Stopped by Antti Niemi without a rebound.
15:25 of 2nd period - Andrew Cogliano wins face-off versus Jussi Jokinen in Blues zone.
15:26 of 2nd period - Shot by David Pastrnak.
15:26 of 2nd period - Shot Misses the Net.
15:36 of 2nd period - Shot by Jonathan Drouin.
15:36 of 2nd period - Shot Misses the Net.
15:38 of 2nd period - Shot by Andrew Cogliano.
15:38 of 2nd period - Shot Blocked by Marian Hossa.
16:36 of 2nd period - Shot by Sam Gagner.
16:36 of 2nd period - Shot Misses the Net.
16:38 of 2nd period - Shot by Andrew Campbell.
16:38 of 2nd period - Shot Misses the Net.
16:40 of 2nd period - Shot by Eric Gryba.
16:40 of 2nd period - Shot Blocked by Jakub Kindl.
17:14 of 2nd period - Shot by Rick Nash.
17:14 of 2nd period - Shot Blocked by Jake Gardiner.
17:16 of 2nd period - Shot by Johnny Boychuk.
17:16 of 2nd period - Stopped by Roberto Luongo without a rebound.
17:17 of 2nd period - Mikhail Grabovski wins face-off versus Mike Fisher in RedWings zone.
17:36 of 2nd period - Shot by Jiri Hudler.
17:36 of 2nd period - Stopped by Roberto Luongo without a rebound.
17:37 of 2nd period - Andrew Cogliano wins face-off versus Jay McClement in RedWings zone.
17:37 of 2nd period - Andrew Cogliano is hit by Michael Raffl.
17:40 of 2nd period - Zach Trotman is hit by Jay McClement and loses puck.
18:08 of 2nd period - Shot by David Pastrnak.
18:08 of 2nd period - Stopped by Antti Niemi without a rebound.
18:09 of 2nd period - Jiri Hudler wins face-off versus Sean Monahan in Blues zone.
18:24 of 2nd period - Shot by Jiri Hudler.
18:24 of 2nd period - Shot Misses the Net.
18:33 of 2nd period - Paul Martin and Kris Letang fight to a draw.
18:33 of 2nd period - Penalty to Paul Martin for Fighting.
18:33 of 2nd period - Penalty to Kris Letang for Fighting.
18:34 of 2nd period - Sam Gagner wins face-off versus Jay McClement in RedWings zone.
18:39 of 2nd period - Shot by Eric Gryba.
18:39 of 2nd period - Stopped by Antti Niemi without a rebound.
18:40 of 2nd period - Sam Gagner wins face-off versus Jussi Jokinen in Blues zone.
19:35 of 2nd period - Shot by Sean Monahan.
19:35 of 2nd period - Stopped by Antti Niemi without a rebound.
19:36 of 2nd period - Tyler Toffoli wins face-off versus Mike Fisher in Blues zone.
19:53 of 2nd period - Jiri Hudler is hit by Tyler Toffoli and loses puck.
19:57 of 2nd period - Mike Fisher is hit by Filip Forsberg and loses puck.
Goals for this period are 1 for Blues vs 3 for RedWings.
Shots for this period are 10 for Blues vs 21 for RedWings.

3rd period


0:01 of 3rd period - Sean Monahan wins face-off versus Mike Fisher in neutral zone.
0:34 of 3rd period - Shot by Filip Forsberg.
0:34 of 3rd period - Deflect By Sean Monahan.
0:34 of 3rd period - Stopped by Antti Niemi without a rebound.
0:35 of 3rd period - Jussi Jokinen wins face-off versus Sam Gagner in Blues zone.
0:54 of 3rd period - Shot by Marian Hossa.
0:54 of 3rd period - Shot Misses the Net.
1:16 of 3rd period - Shot by Sam Gagner.
1:16 of 3rd period - Stopped by Antti Niemi without a rebound.
1:17 of 3rd period - Mike Fisher wins face-off versus Sean Monahan in Blues zone.
2:11 of 3rd period - Eric Gryba is hit by Mike Fisher.
2:24 of 3rd period - Icing by Eric Gryba.
2:25 of 3rd period - Jay McClement wins face-off versus Andrew Cogliano in RedWings zone.
2:55 of 3rd period - Shot by Jay McClement.
2:55 of 3rd period - Stopped by Roberto Luongo with a rebound.
2:57 of 3rd period - Shot by Jay McClement.
2:57 of 3rd period - Shot Misses the Net.
2:59 of 3rd period - Shot by Rick Nash.
2:59 of 3rd period - Shot Blocked by Andrew Campbell.
3:01 of 3rd period - Shot by Jay McClement.
3:01 of 3rd period - Shot Misses the Net.
3:03 of 3rd period - Shot by Jay McClement.
3:03 of 3rd period - Shot Misses the Net.
3:29 of 3rd period - Shot by Jakub Kindl.
3:29 of 3rd period - Stopped by Roberto Luongo without a rebound.
3:30 of 3rd period - Sean Monahan wins face-off versus Jussi Jokinen in RedWings zone.
4:25 of 3rd period - Shot by Michael Raffl.
4:25 of 3rd period - Stopped by Roberto Luongo without a rebound.
4:26 of 3rd period - Sam Gagner wins face-off versus Jussi Jokinen in RedWings zone.
4:26 of 3rd period - Sam Gagner is hit by Marian Hossa.
5:24 of 3rd period - Minor Penalty to Zach Trotman for Hooking.
5:25 of 3rd period - Mike Fisher wins face-off versus Sean Monahan in RedWings zone.
5:55 of 3rd period - Shot by Mike Fisher.
5:55 of 3rd period - Deflect By Jiri Hudler.
5:55 of 3rd period - Stopped by Roberto Luongo without a rebound.
5:56 of 3rd period - Mike Fisher wins face-off versus Sean Monahan in RedWings zone.
5:59 of 3rd period - Shot by Jiri Hudler.
5:59 of 3rd period - Shot Misses the Net.
6:01 of 3rd period - Shot by Matt Carle.
6:01 of 3rd period - Stopped by Roberto Luongo without a rebound.
6:02 of 3rd period - Mike Fisher wins face-off versus Sean Monahan in RedWings zone.
6:05 of 3rd period - Shot by Lee Stempniak.
6:05 of 3rd period - Stopped by Roberto Luongo without a rebound.
6:06 of 3rd period - Sean Monahan wins face-off versus Jussi Jokinen in RedWings zone.
6:48 of 3rd period - Shot by Mike Fisher.
6:48 of 3rd period - Shot Misses the Net.
6:58 of 3rd period - Shot by Jakub Kindl.
6:58 of 3rd period - Shot Blocked by Sean Monahan.
7:40 of 3rd period - Andrew Cogliano is hit by Johnny Boychuk and loses puck.
8:16 of 3rd period - Sam Gagner is hit by Kris Letang and loses puck.
9:37 of 3rd period - Shot by Michael Raffl.
9:37 of 3rd period - Shot Misses the Net.
9:45 of 3rd period - Shot by Rick Nash.
9:45 of 3rd period - Stopped by Roberto Luongo without a rebound.
9:46 of 3rd period - Andrew Cogliano wins face-off versus Jiri Hudler in RedWings zone.
9:46 of 3rd period - Kevin Connauton is hit by Mike Fisher and loses puck.
9:51 of 3rd period - Shot by Mike Fisher.
9:51 of 3rd period - Shot Blocked by Zach Trotman.
9:53 of 3rd period - Shot by Jiri Hudler.
9:53 of 3rd period - Stopped by Roberto Luongo without a rebound.
9:54 of 3rd period - Andrew Cogliano wins face-off versus Jay McClement in RedWings zone.
10:08 of 3rd period - Shot by Andrew Cogliano.
10:08 of 3rd period - Stopped by Antti Niemi without a rebound.
10:09 of 3rd period - Sean Monahan wins face-off versus Jussi Jokinen in Blues zone.
10:09 of 3rd period - Sean Monahan is hit by Kris Letang.
10:29 of 3rd period - Shot by Jussi Jokinen.
10:29 of 3rd period - Stopped by Roberto Luongo without a rebound.
10:29 of 3rd period - Minor Penalty to Roberto Luongo for Delaying the game.
10:30 of 3rd period - Jussi Jokinen wins face-off versus David Pastrnak in RedWings zone.
10:43 of 3rd period - Shot by Matt Carle.
10:43 of 3rd period - Shot Misses the Net.
10:54 of 3rd period - Icing by Kris Letang.
10:55 of 3rd period - Jussi Jokinen wins face-off versus Filip Forsberg in Blues zone.
10:55 of 3rd period - Jussi Jokinen is hit by David Pastrnak.
11:05 of 3rd period - Shot by Jiri Hudler.
11:05 of 3rd period - Shot Misses the Net.
11:31 of 3rd period - Shot by Mike Fisher.
11:31 of 3rd period - Shot Misses the Net.
11:33 of 3rd period - Shot by Matt Irwin.
11:33 of 3rd period - Stopped by Roberto Luongo with a rebound.
11:35 of 3rd period - Shot by Mike Fisher.
11:35 of 3rd period - Shot Misses the Net.
11:37 of 3rd period - Shot by Jay McClement.
11:37 of 3rd period - Shot Misses the Net.
11:39 of 3rd period - Shot by Lee Stempniak.
11:39 of 3rd period - Stopped by Roberto Luongo with a rebound.
11:41 of 3rd period - Shot by Matt Irwin.
11:41 of 3rd period - Stopped by Roberto Luongo without a rebound.
11:42 of 3rd period - Mike Fisher wins face-off versus Tyler Toffoli in RedWings zone.
12:07 of 3rd period - Shot by Mike Fisher.
12:07 of 3rd period - Shot Hit the Post.
12:09 of 3rd period - Shot by Jay McClement.
12:09 of 3rd period - Shot Misses the Net.
12:15 of 3rd period - Shot by Lee Stempniak.
12:15 of 3rd period - Shot Misses the Net.
12:17 of 3rd period - Shot by Mike Fisher.
12:17 of 3rd period - Shot Blocked by Eric Gryba.
12:37 of 3rd period - Shot by Rick Nash.
12:37 of 3rd period - Stopped by Roberto Luongo without a rebound.
12:38 of 3rd period - Jussi Jokinen wins face-off versus Andrew Cogliano in RedWings zone.
12:48 of 3rd period - Off-side.
12:49 of 3rd period - Rick Nash wins face-off versus Mikhail Grabovski in neutral zone.
13:06 of 3rd period - Shot by Sean Monahan.
13:06 of 3rd period - Deflect By Mikhail Grabovski.
13:06 of 3rd period - Shot Misses the Net.
13:28 of 3rd period - Zach Trotman is hit by Michael Raffl and loses puck.
13:46 of 3rd period - Shot by Jiri Hudler.
13:46 of 3rd period - Shot Blocked by Zach Trotman.
13:48 of 3rd period - Shot by Jakub Kindl.
13:48 of 3rd period - Stopped by Roberto Luongo without a rebound.
13:49 of 3rd period - Jussi Jokinen wins face-off versus Sam Gagner in RedWings zone.
14:18 of 3rd period - Matt Carle is hit by Alexandre Burrows and loses puck.
14:57 of 3rd period - Shot by David Pastrnak.
14:57 of 3rd period - Stopped by Antti Niemi without a rebound.
14:58 of 3rd period - Jay McClement wins face-off versus Sean Monahan in Blues zone.
15:18 of 3rd period - Filip Forsberg is hit by Kris Letang and loses puck.
15:56 of 3rd period - Johnny Boychuk is hit by Jonathan Drouin and loses puck.
16:26 of 3rd period - Minor Penalty to Andrew Cogliano for Hooking.
16:27 of 3rd period - Sean Monahan wins face-off versus Mike Fisher in RedWings zone.
17:00 of 3rd period - Icing by Kris Letang.
17:01 of 3rd period - Sean Monahan wins face-off versus Mike Fisher in Blues zone.
17:51 of 3rd period - Shot by Jakub Kindl.
17:51 of 3rd period - Shot Misses the Net.
18:58 of 3rd period - Icing by Johnny Boychuk.
18:59 of 3rd period - Jiri Hudler wins face-off versus Sam Gagner in Blues zone.
19:38 of 3rd period - Shot by Matt Carle.
19:38 of 3rd period - Stopped by Roberto Luongo without a rebound.
19:39 of 3rd period - Jussi Jokinen wins face-off versus Andrew Cogliano in RedWings zone.
19:42 of 3rd period - Shot by Clarke MacArthur.
19:42 of 3rd period - Stopped by Roberto Luongo with a rebound.
19:46 of 3rd period - Shot by Cal Clutterbuck.
19:46 of 3rd period - Deflect By Jussi Jokinen.
19:46 of 3rd period - Stopped by Roberto Luongo without a rebound.
19:47 of 3rd period - Jussi Jokinen wins face-off versus Andrew Cogliano in RedWings zone.
Goals for this period are 0 for Blues vs 0 for RedWings.
Shots for this period are 17 for Blues vs 4 for RedWings.

Overtime #1


0:01 of 1st overtime period - Sean Monahan wins face-off versus Clarke MacArthur in neutral zone.
0:18 of 1st overtime period - Shot by Jiri Hudler.
0:18 of 1st overtime period - Shot Misses the Net.
0:45 of 1st overtime period - Icing by Kris Letang.
0:46 of 1st overtime period - Sean Monahan wins face-off versus Jiri Hudler in Blues zone.
0:46 of 1st overtime period - Sean Monahan is hit by Kris Letang.
0:56 of 1st overtime period - Shot by Filip Forsberg.
0:56 of 1st overtime period - Deflect By Sean Monahan.
0:56 of 1st overtime period - Stopped by Antti Niemi without a rebound.
0:57 of 1st overtime period - Mike Fisher wins face-off versus Sean Monahan in Blues zone.
1:28 of 1st overtime period - Shot by Jussi Jokinen.
1:28 of 1st overtime period - Stopped by Roberto Luongo with a rebound.
1:30 of 1st overtime period - Shot by Mike Fisher.
1:30 of 1st overtime period - Stopped by Roberto Luongo without a rebound.
1:31 of 1st overtime period - Jiri Hudler wins face-off versus Tyler Toffoli in RedWings zone.
1:33 of 1st overtime period - Minor Penalty to Jake Gardiner for Hooking.
1:34 of 1st overtime period - Jiri Hudler wins face-off versus David Pastrnak in RedWings zone.
2:07 of 1st overtime period - Shot by Jiri Hudler.
2:07 of 1st overtime period - Deflect By Clarke MacArthur.
2:07 of 1st overtime period - Shot Misses the Net.
2:57 of 1st overtime period - Shot by Jussi Jokinen.
2:57 of 1st overtime period - Shot Misses the Net.
3:09 of 1st overtime period - Andrew Campbell is hit by Jussi Jokinen and loses puck.
3:29 of 1st overtime period - Icing by Mike Fisher.
3:30 of 1st overtime period - Mike Fisher wins face-off versus Sean Monahan in Blues zone.
3:30 of 1st overtime period - Mike Fisher is hit by Zach Trotman.
4:10 of 1st overtime period - Icing by Johnny Boychuk.
4:11 of 1st overtime period - Mike Fisher wins face-off versus Tyler Toffoli in Blues zone.
4:11 of 1st overtime period - Minor Penalty to Tyler Toffoli for Hooking.
4:12 of 1st overtime period - David Pastrnak wins face-off versus Jiri Hudler in RedWings zone.
4:47 of 1st overtime period - Shot by Clarke MacArthur.
4:47 of 1st overtime period - Shot Misses the Net.
Goals for this period are 0 for Blues vs 0 for RedWings.
Shots for this period are 2 for Blues vs 1 for RedWings.

ShootOut


5:00 of 1st overtime period - Penalty Shot by Jiri Hudler for Blues.
5:00 of 1st overtime period - Stopped by Roberto Luongo.
5:00 of 1st overtime period - Penalty Shot by Sean Monahan for RedWings.
5:00 of 1st overtime period - Stopped by Antti Niemi.
5:00 of 1st overtime period - Penalty Shot by Clarke MacArthur for Blues.
5:00 of 1st overtime period - Stopped by Roberto Luongo.
5:00 of 1st overtime period - Penalty Shot by Filip Forsberg for RedWings.
5:00 of 1st overtime period - Stopped by Antti Niemi.
5:00 of 1st overtime period - Penalty Shot by Jussi Jokinen for Blues.
5:00 of 1st overtime period - Stopped by Roberto Luongo.
5:00 of 1st overtime period - Penalty Shot by Alexandre Burrows for RedWings.
5:00 of 1st overtime period - Stopped by Antti Niemi.
5:00 of 1st overtime period - Penalty Shot by Mike Fisher for Blues.
5:00 of 1st overtime period - Goal by Mike Fisher.
5:00 of 1st overtime period - Penalty Shot by Loui Eriksson for RedWings.
5:00 of 1st overtime period - Stopped by Antti Niemi.